 Dungeon Crawl Stone Soup version 0.28-b1-25-g9875b3fc8c (webtiles) character file.

Game seed: 16212316646138589096

248 lordive the Digger (level 6, -3/34 HPs)
             Began as a Gargoyle Earth Elementalist on Jan 31, 2022.
             Killed by divine providence
             ... invoked by an orc priest
              (13 damage)
             ... on level 4 of the Dungeon.
             The game lasted 00:04:29 (3560 turns).

lordive the Digger (Gargoyle Earth Elementalist)    Turns: 3560, Time: 00:04:30

Health: -3/34      AC:  6    Str: 12    XL:     6   Next: 12%
Magic:  10/10      EV: 12    Int: 17    God:
Gold:   27         SH:  0    Dex: 10    Spells: 4/10 levels left

rFire   . . .      SeeInvis .   a - +0 club
rCold   . . .      Faith    .   (no shield)
rNeg    + . .      Spirit   .   b - +0 robe
rPois   ∞          Reflect  .   (no helmet)
rElec   +          Harm     .   (no cloak)
rCorr   .          Rampage  .   (no gloves)
Will    .....                   (no boots)
Stlth   ++........              (no amulet)
HPRegen 0.11/turn               (no ring)
MPRegen 0.12/turn               (no ring)

@: no status effects
A: sickness immunity, AC +4, negative energy resistance 1, electricity
resistance, torment resistance 1, petrification resistance
a: no special abilities


You were on level 4 of the Dungeon.
You visited 1 branch of the dungeon, and saw 4 of its levels.

You collected 27 gold pieces.

Inventory:

Hand Weapons
 a - a +0 club (weapon)
Missiles
 c - 28 stones
Armour
 b - a +0 robe (worn)
 n - a +0 leather armour
Scrolls
 d - 5 scrolls of identify {unknown}
 e - a scroll of vulnerability {unknown}
 h - a scroll of immolation {unknown}
 k - a scroll of teleportation {unknown}
 m - a scroll of summoning {unknown}
 p - a scroll of brand weapon {unknown}
 r - a scroll of fog {unknown}
 s - a scroll of enchant armour {unknown}
Potions
 f - a potion of invisibility {unknown}
 g - 2 potions of degeneration {unknown}
 i - a potion of flight {unknown}
 j - 3 potions of lignification {unknown}
 l - a potion of brilliance {unknown}
 o - a potion of haste {unknown}
 q - 2 potions of heal wounds {unknown}


   Skills:
 + Level 1.2 Fighting
 + Level 2.3 Maces & Flails
 + Level 2.3 Dodging
 - Level 2.1 Stealth
 + Level 2.7 Spellcasting
 * Level 2.2 Conjurations
 + Level 0.7 Transmutations
 * Level 5.3 Earth Magic


You had 4 spell levels left.
You knew the following spells:

 Your Spells              Type           Power      Damage    Failure   Level
a - Sandblast             Erth           40%        2d10      1%          1
b - Searing Ray           Conj           20%        2d5       11%         2
c - Stone Arrow           Conj/Erth      30%        3d8       11%         3

Your spell library contained the following spells:

 Spells                   Type           Power      Damage    Failure   Level
 Magic Dart               Conj           40%        1d5       7%          1
 Passwall                 Tmut/Erth      10%        N/A       8%          2
 Petrify                  Tmut/Erth      12%        N/A       45%         4
 Fulminant Prism          Conj/Hex       3%         3d6       75%         4


Dungeon Overview and Level Annotations

Branches:
Dungeon (4/15)
 Temple: D:4-7

Altars:

Shops:
D:1 *   D:2 :


Innate Abilities, Weirdness & Mutations

You are immune to sickness and miasma.
Your stone body is resilient. (AC +4)
You are immune to poison.
You resist negative energy. (rN+)
You are resistant to electric shocks. (rElec)
You are resistant to unholy torment.
You are immune to petrification.


Message History

Aiming: Sandblast (safe; 1% risk of failure)
Press: ? - help, Shift-Dir - straight line, f - giant cockroach
Aim: a giant cockroach (81% to hit)
The blast of sand hits the giant cockroach!
You kill the giant cockroach!
Unknown command.
You see here a giant cockroach corpse.
The orc priest invokes the aid of Beogh against you.
Beogh smites you!
You start resting.
An orc comes into view. It is wielding a +0 flail.
The orc is engulfed in blazing flames.
The orc dies!
The orc barely misses you. The orc closely misses you.
You barely miss the orc. The orc hits you with a +0 flail.
You closely miss the orc. The orc barely misses you.
The orc hits you but does no damage.
You closely miss the orc. The orc closely misses you.
You hit the orc.
The orc is heavily wounded.
A hound comes into view.
The orc barely misses you.
The hound barks!
You hit the orc but do no damage. Your punch misses the orc.
The orc is heavily wounded.
The orc hits you but does no damage.
You hit the orc.
You kill the orc!
An ogre comes into view. It is wielding a +0 giant spiked club.
The hound closely misses you.
The orc priest calls down the wrath of Beogh upon you.
Beogh smites you!
* * * LOW HITPOINT WARNING * * *
Things that are here:
a +0 flail; 18 gold pieces; an orc corpse The hound bites you but does no damage.
The orc priest calls down the wrath of Beogh upon you.
Beogh smites you!
You die...

.$.o§§.## .#
$$.§°§..# .#
..o☼☼°..####.#
..#####.O....# #
##o....#.####
#....†......
#....###.##.
..######)h...##.#
........@........
######.#.....##.#
#.......# ..
#.####### .#
#.......# #
##########.#
#######..>...# #.#
........####.###.#
...........#.....####


You could see an ogre (wandering), a hound and an orc priest.

Vanquished Creatures
  An ogre (D:4)
  A scorpion (D:4)
  A gnoll (D:1)
  4 adders (D:2)
  A worm (D:3)
  2 dart slugs (D:1)
  An orc (D:4)
  3 ball pythons
  5 bats
  8 endoplasms
  3 giant cockroaches
  5 goblins
  2 hobgoblins
  4 jackals (D:2)
  4 quokkas
  2 frilled lizards
  5 kobolds
  3 rats
  A spectral goblin (D:1)
56 creatures vanquished.

Vanquished Creatures (others)
  A water moccasin (D:4)
  2 orcs (D:4)
3 creatures vanquished.

Grand Total: 59 creatures vanquished

Notes
Turn   | Place    | Note
-------+----------+-------------------------------------------
     0 | D:1      | lordive the Gargoyle Earth Elementalist began the quest for
                  | the Orb.
     0 | D:1      | Reached XP level 1. HP: 10/10 MP: 3/3
    57 | D:1      | Found Rinekh's Assorted Antiques.
    80 | D:1      | Reached skill level 4 in Earth Magic
    80 | D:1      | Reached XP level 2. HP: 5/15 MP: 0/5
   289 | D:1      | Learned a level 2 spell: Searing Ray
   672 | D:1      | Found a faded altar of an unknown god.
   953 | D:1      | Reached XP level 3. HP: 19/19 MP: 6/6
  1348 | D:1      | Learned a level 3 spell: Stone Arrow
  1601 | D:2      | Reached skill level 1 in Conjurations
  1814 | D:2      | Reached XP level 4. HP: 24/24 MP: 4/7
  2123 | D:2      | Found Pyehyec's Book Emporium.
  2155 | D:2      | Reached skill level 1 in Maces & Flails
  2925 | D:3      | Reached skill level 5 in Earth Magic
  3421 | D:4      | Noticed an ogre
  3425 | D:4      | Killed an ogre
  3426 | D:4      | Reached skill level 1 in Fighting
  3426 | D:4      | Reached XP level 5. HP: 29/29 MP: 3/8
  3495 | D:4      | Reached XP level 6. HP: 33/34 MP: 4/10
  3499 | D:4      | Noticed a water moccasin
  3506 | D:4      | Killed a water moccasin
  3560 | D:4      | Killed from afar by an orc priest

Illustrated notes

Levels and vault maps discovered:
D:1:      eino_arrival_cavern_a, layout_loops_ring, serial_shops,
          nicolae_shop_overgrown_old_shop,
          dreamdust_ecumenical_altar_drowned_temple, serial_park_tiny_pond,
          st_stairs_5, chequers_serial_rivers_small_a
D:2:      layout_basic, serial_shops, nicolae_shop_behind_doors,
          minmay_misc_feat_pillars
D:3:      layout_rooms
D:4:      layout_basic, lemuel_flame_loot_1, uniq_ijyb

Skill      XL: |  1  2  3  4 |
---------------+-------------+-----
Earth Magic    | 4 5 |  5.3
Conjurations   | 1 2 |  2.2
Maces & Flails | 2 |  2.3
Fighting       | 1 |  1.2
Dodging        | 2 |  2.3
Stealth        | |  2.1
Spellcasting   | |  2.7
Transmutations | |  0.7

Action                   |  1- 3 |  4- 6 || total
-------------------------+-------+-------++-------
Melee: Club              |    88 |    94 ||   182
       Punch             |     2 |     2 ||     4
 Cast: Sandblast         |    14 |    16 ||    30
 Stab: Sleeping          |     1 |     4 ||     5
Armor: Robe              |    30 |    34 ||    64
Dodge: Dodged            |    71 |    65 ||   136
